Map: Abyssal Reef LE

Players

FunK

  • Race: Protoss Protoss
  • League: Master
  • Spawn Location: 5:00

Clem - Winner!

  • Race: Terran Terran
  • League: Master
  • Spawn Location: 11:00

VOD

Have the link to the VOD?

Description

This BO show us a push around 4:45 with 15 marines, the stim and +1 of attack in order to denied the B3 of the Protoss

Time

  • Played on: Nov. 20, 2017, 12:40 p.m.
  • Length: 10:27
Show
View Real Time Build Order
Export as new Build Order

FunK Protoss 

Build Orders: 1 Gate Expand, Blink Stalkers 

Get SALT Encoding   

  12  0:00  Probe  
  13  0:12  Probe  
  14  0:18  Pylon  
  14  0:24  Probe (Chrono Boost)  
  15  0:36  Probe (Chrono Boost)  
  15  0:38  Gateway  
  17  0:46  Probe (Chrono Boost)  
  17  0:48  Assimilator  
  17  0:51  Probe  
  18  1:03  Probe  
  19  1:15  Probe  
  20  1:23  Nexus  
  20  1:33  Cybernetics Core  
  20  1:34  Probe  
  20  1:39  Assimilator  
  21  1:46  Probe  
  22  1:50  Pylon  
  22  1:59  Probe (Chrono Boost)  
  23  2:09  Stalker (Chrono Boost)  
  23  2:11  Warp Gate, Probe (Chrono Boost)  
  26  2:18  Probe (Chrono Boost)  
  27  2:24  Robotics Facility  
  27  2:28  Probe (Chrono Boost)  
  27  2:35  Probe (Chrono Boost)  
  28  2:37  Stalker  
  32  2:47  Probe (Chrono Boost)  
  32  2:49  Probe (Chrono Boost)  
  32  2:51  Probe  
  32  2:52  Probe  
  34  3:04  Probe (Chrono Boost)  
  36  3:07  Twilight Council  
  36  3:09  Probe (Chrono Boost), Stalker  
  36  3:11  Observer  
  39  3:16  Probe (Chrono Boost)  
  41  3:22  Probe x2 (Chrono Boost)  
  41  3:24  Pylon  
  42  3:29  Probe  
  42  3:30  Probe  
  44  3:37  Observer  
  45  3:42  Probe  
  45  3:43  Probe  
  45  3:45  Gateway  
  45  3:48  Gateway  
  47  3:50  Blink (Chrono Boost)  
  47  3:53  Assimilator  
  47  3:54  Probe  
  47  3:55  Probe, Assimilator  
  49  3:59  Pylon  
  49  4:06  Probe  
  49  4:07  Probe  
  51  4:10  Observer  
  52  4:18  Probe  
  52  4:19  Probe  
  52  4:20  Nexus  
  54  4:26  Pylon  
  54  4:30  Probe  
  55  4:31  Probe  
  55  4:34  Observer  
  56  4:46  Probe x2  
  56  4:50  Stalker x3  
  56  4:51  Forge  
  64  4:55  Observer  
  64  4:58  Pylon  
  65  5:06  Probe  
  67  5:14  Stalker  
  67  5:17  Immortal  
  67  5:19  Stalker x2  
  77  5:21  Probe  
  77  5:27  Pylon  
  76  5:37  Pylon  
  76  5:38  Pylon  
  72  5:45  Probe x2  
  63  5:53  Stalker x3  
  66  5:57  Probe x2  
  66  5:59  Immortal  
  66  6:00  Protoss Ground Weapons Level 1 (Chrono Boost)  
  72  6:06  Nexus  
  72  6:09  Probe x2  
  73  6:16  Pylon  
  73  6:17  Sentry x3  
  79  6:25  Probe, Resonating Glaives  
  80  6:30  Probe  
  79  6:37  Probe  
  80  6:40  Stalker  
  80  6:41  Stalker x2  
  86  6:47  Gateway x2  
  86  6:50  Gateway  
  86  6:51  Probe x2  
  86  6:53  Observer  
  86  6:57  Immortal (Chrono Boost)  
  90  7:03  Probe  
  90  7:07  Adept  
  93  7:09  Pylon  
  93  7:17  Probe x2  
  95  7:24  Pylon, Stalker x2  
  95  7:29  Probe  
  98  7:36  Observer  
  95  7:37  Probe x2  
  95  7:41  Probe  
  95  7:43  Immortal (Chrono Boost)  
  99  7:49  Probe x2  
  97  7:53  Protoss Ground Armor Level 1  
  95  8:00  Assimilator  
  95  8:01  Probe x3  
  95  8:02  Pylon  
  95  8:03  Robotics Bay  
  95  8:04  Assimilator  
  98  8:05  Robotics Facility  
  98  8:06  Adept x2, Sentry x2  
  104  8:13  Stalker  
  103  8:21  Observer  
  76  8:30  Stalker  
  74  8:34  Probe x2 (Chrono Boost)  
  74  8:35  Probe (Chrono Boost)  
  80  8:45  Probe x3 (Chrono Boost)  
  82  8:48  Probe x2 (Chrono Boost)  
  82  8:50  Observer  
  84  8:56  Probe x2 (Chrono Boost)  
  84  8:59  Pylon  
  84  9:01  Probe  
  91  9:05  Pylon  
  91  9:07  Photon Cannon  
  91  9:09  Shield Battery  
  91  9:10  Colossus (Chrono Boost)  
  91  9:11  Colossus (Chrono Boost)  
  97  9:19  Adept  
  97  9:20  Adept x5  
  109  9:41  Adept  
  109  9:42  Adept  
  103  9:46  Stalker x2  
  84  9:53  Stalker x3  
  84  9:54  Stalker  
  84  9:55  Probe x3  
  65  10:08  Probe x3  
  71  10:14  Stalker x2  
  71  10:16  Stalker  
Show
View Real Time Build Order
Export as new Build Order

Clem Terran - Winner!

Build Orders: Reaper Expand, MMM Bio 

Get SALT Encoding   

  12  0:00  SCV  
  13  0:12  SCV  
  14  0:17  Supply Depot  
  14  0:25  SCV  
  15  0:38  SCV  
  15  0:40  Barracks  
  16  0:44  Refinery  
  16  0:50  SCV  
  17  1:03  SCV  
  18  1:15  SCV  
  19  1:27  Orbital Command, Reaper  
  20  1:42  Command Center  
  20  1:53  SCV  
  21  1:59  Barracks  
  21  2:02  Barracks Reactor  
  21  2:05  SCV  
  22  2:11  Supply Depot  
  22  2:17  SCV  
  22  2:21  Engineering Bay  
  23  2:33  SCV  
  24  2:38  Marine x2  
  26  2:45  SCV  
  26  2:46  Barracks Tech Lab  
  26  2:49  Terran Infantry Weapons Level 1  
  27  2:55  Orbital Command  
  27  2:56  Marine x2  
  29  2:58  SCV  
  30  3:08  Stimpack, Marine  
  30  3:10  SCV  
  32  3:14  Marine  
  32  3:16  Barracks  
  33  3:21  SCV  
  33  3:22  Marine  
  33  3:23  SCV  
  33  3:26  Marine  
  37  3:29  Supply Depot  
  37  3:33  SCV  
  38  3:34  Marine  
  38  3:35  SCV  
  38  3:40  Marine  
  41  3:44  Marine, Refinery  
  41  3:45  SCV  
  41  3:48  Factory  
  43  3:49  SCV  
  43  3:52  Marine  
  45  3:56  Supply Depot  
  45  3:58  Marine  
  45  3:59  SCV  
  45  4:01  SCV  
  48  4:05  Barracks Tech Lab  
  48  4:08  Marauder  
  50  4:10  Marine  
  50  4:11  SCV  
  50  4:13  SCV  
  50  4:15  Marine  
  54  4:20  Refinery  
  54  4:23  SCV  
  55  4:25  Combat Shields  
  55  4:26  SCV  
  55  4:27  Marine  
  55  4:29  Supply Depot  
  57  4:35  SCV  
  57  4:36  Marine  
  57  4:37  Marine x2  
  61  4:39  Supply Depot  
  61  4:46  Starport  
  61  4:48  SCV  
  61  4:51  SCV  
  63  4:53  Marine  
  63  4:54  Factory Reactor  
  63  4:56  Supply Depot  
  64  5:00  Marine  
  64  5:01  Marauder  
  64  5:03  SCV  
  67  5:07  Marauder  
  67  5:09  SCV  
  67  5:14  Bunker, Concussive Shells  
  70  5:15  Marine  
  70  5:20  SCV, Terran Infantry Armor Level 1  
  72  5:22  Marine  
  72  5:23  SCV  
  74  5:28  Refinery  
  74  5:32  SCV  
  74  5:41  Marine x2  
  73  5:44  SCV, Marauder x2  
  73  5:46  SCV  
  73  5:49  Factory Reactor  
  74  5:53  Medivac x2  
  70  5:57  Command Center  
  70  6:00  SCV  
  70  6:02  Supply Depot  
  70  6:03  SCV  
  72  6:04  Marine x2  
  74  6:12  Barracks  
  74  6:13  Barracks  
  74  6:18  Supply Depot  
  74  6:19  SCV  
  74  6:23  Marauder x2  
  79  6:26  Medivac  
  79  6:28  Medivac  
  79  6:31  Marine x2  
  85  6:37  SCV x2  
  85  6:39  Widow Mine  
  84  6:40  Widow Mine  
  84  6:45  Marauder  
  84  6:46  Marauder  
  92  6:49  Marine x2  
  92  6:50  SCV  
  92  6:52  SCV  
  96  6:56  Armory  
  96  6:58  Engineering Bay  
  96  6:59  Supply Depot  
  95  7:02  Barracks Reactor, Barracks Tech Lab  
  95  7:05  Medivac x2  
  95  7:06  Marine  
  100  7:10  SCV x2  
  100  7:14  Orbital Command  
  102  7:17  Marine  
  102  7:21  Marauder, Supply Depot  
  105  7:24  SCV x2  
  105  7:25  Marine  
  105  7:29  Liberator  
  108  7:32  Marine, Marauder, Widow Mine x2  
  108  7:35  Marine  
  108  7:36  Liberator, SCV x2  
  113  7:39  Marine x2  
  113  7:43  Marine  
  112  7:46  Marauder  
  112  7:48  SCV  
  112  7:50  Marauder  
  115  7:53  Marine  
  115  7:55  Marauder  
  115  7:56  SCV  
  115  7:58  Supply Depot  
  116  8:04  Refinery, SCV x2  
  118  8:05  Refinery  
  118  8:06  Terran Infantry Weapons Level 2  
  118  8:07  Marauder  
  118  8:08  Marine, SCV  
  118  8:09  Marine  
  118  8:10  Marine  
  118  8:11  Marine x2  
  126  8:16  Widow Mine x2  
  130  8:20  Marauder  
  130  8:24  SCV  
  130  8:26  Marine x2  
  128  8:28  Marine, SCV  
  128  8:29  Marine x2, Marauder  
  127  8:38  Starport  
  127  8:39  Fusion Core  
  127  8:42  SCV x2, Marauder  
  127  8:44  Marine x2, Supply Depot  
  127  8:45  Supply Depot  
  127  8:47  Marine  
  127  8:48  Marauder  
  136  8:51  Medivac  
  140  8:55  Marine, Supply Depot  
  140  8:56  Supply Depot  
  140  9:01  Marauder  
  141  9:06  Marine x3, Marauder  
  141  9:08  Liberator  
  141  9:09  Liberator, Marauder  
  148  9:11  Missile Turret, Supply Depot  
  148  9:13  Marine  
  149  9:19  Command Center  
  149  9:24  Starport Tech Lab  
  149  9:26  Widow Mine x2  
  149  9:30  Supply Depot  
  159  9:31  Marine x2  
  161  9:39  Marine x2, Marauder x2  
  161  9:44  Marauder  
  168  9:49  Marine x2  
  156  9:55  Widow Mine x2  
  156  9:57  Marine x2  
  151  10:01  Marauder x2  
  151  10:06  Marauder  
  149  10:07  Marine x2  
Tags
 
Add a new tag
Caveats
  • Supply blocks, unpowered buildings, or Contaminate may cause inaccurate times.
  • Supply counts are checked every 10 seconds.